 Dungeon Crawl Stone Soup version 0.30-a0-613-gdd512c7efb (webtiles) character file.

Game seed: 14381190713065782613

66 bande the Covered (level 4, -10/29 HPs)
             Began as a Gargoyle Fighter on Jan 9, 2023.
             Mangled by a gnoll
             ... wielding a +0 halberd
              (12 damage)
             ... on level 2 of the Dungeon.
             The game lasted 00:01:43 (1542 turns).

bande the Covered (Gargoyle Fighter)                Turns: 1542, Time: 00:01:44

Health: -10/29     AC: 10    Str: 20    XL:     4   Next: 15%
Magic:  4/4        EV:  9    Int:  8    God:
Gold:   59         SH:  4    Dex: 11    Spells: 3/3 levels left

rFire   . . .      SeeInvis .    a - +0 war axe
rCold   . . .      Faith    .    c - +0 buckler
rNeg    + . .      Spirit   .    b - +0 scale mail
rPois   ∞          Reflect  .    (no helmet)
rElec   +          Harm     .    (no cloak)
rCorr   .          Rampage  .    (no gloves)
Will    .....                    (no boots) Stlth
                                 (no amulet)
HPRegen 0.24/turn                (no ring)
MPRegen 0.09/turn                (no ring)

@: no status effects
A: sickness immunity, AC +3, negative energy resistance 1, electricity
resistance, torment resistance 1, petrification resistance
a: no special abilities


You were on level 2 of the Dungeon.
You visited 1 branch of the dungeon, and saw 2 of its levels.

You collected 59 gold pieces.

Inventory:

Hand Weapons
 a - a +0 war axe (weapon)
Missiles
 i - a throwing net (quivered)
Armour
 b - a +0 scale mail (worn)
 c - a +0 buckler (worn)
Jewellery
 j - a ring of see invisible
Scrolls
 e - 3 scrolls of identify {unknown}
 h - a scroll of enchant weapon {unknown}
 k - a scroll of teleportation {unknown}
 l - a scroll of summoning {unknown}
 n - a scroll of poison {unknown}
Potions
 d - a potion of might
 f - a potion of haste {unknown}
 g - 4 potions of curing {unknown}
 m - a potion of cancellation {unknown}


   Skills:
 + Level 3.6 Fighting
 + Level 2.6 Axes
 + Level 4.0 Armour
 + Level 3.8 Shields


You had 3 spell levels left.
You didn't know any spells.
Your spell library contained the following spells:

 Spells                   Type           Power      Damage    Failure   Level
 Summon Forest            Summ/Tloc      0%         N/A       100%        5
 Eringya's Noxious Bog    Tmut/Pois      0%         N/A       100%        6
 Summon Hydra             Summ           0%         N/A       100%        7


Dungeon Overview and Level Annotations

Branches:
Dungeon (2/15)

Altars:


Innate Abilities, Weirdness & Mutations

You are immune to sickness and miasma.
Your stone body is resilient. (AC +3)
You are immune to poison.
You resist negative energy. (rN+)
You are resistant to electric shocks. (rElec)
You are resistant to unholy torment.
You are immune to petrification.


Message History

No target in view!
No target in view!
No target in view!
No target in view!
A gnoll comes into view. It is wielding a +0 halberd.
The gnoll shouts!
You hear a shout!
A gnoll is nearby!
A gnoll comes into view. It is wielding a +0 spear.
The gnoll shouts!
You block the gnoll's attack.
You hit the gnoll.
The gnoll is moderately wounded.
The gnoll hits you with a +0 halberd!
You closely miss the gnoll.
The gnoll is moderately wounded.
A gnoll comes into view. It is wielding a +0 spear.
You barely miss the gnoll.
The gnoll is moderately wounded.
The gnoll barely misses you. The gnoll hits you with a +0 halberd.
The gnoll hits you but does no damage.
The gnoll hits you from afar with a +0 spear.
You barely miss the gnoll.
The gnoll is moderately wounded.
The gnoll barely misses you. x2
You hit the gnoll but do no damage.
The gnoll is moderately wounded.
You block the gnoll's attack. The gnoll hits you with a +0 halberd!
The gnoll barely misses you. You block the gnoll's attack.
You are too injured to fight recklessly!
You are too injured to fight recklessly!
You are too injured to fight recklessly!
You are too injured to fight recklessly!
You are too injured to fight recklessly!
You are too injured to fight recklessly!
You are too injured to fight recklessly!
You are too injured to fight recklessly!
The gnoll hits you with a +0 spear!
* * * LOW HITPOINT WARNING * * *
The gnoll hits you with a +0 halberd!
You die...

#............. #.......#
#.####...####.# ##.......#
#.# #...# #.##.###........##
####.####...# #.#
.............. .........#..#
#.# ###....)...##
####.##.....####.#
##.......# ####.# ##.......#
#.......# ...#..
#.....gg########.#.####
##.###. #).####@...........#
#.####........g..########.##
#....>.....####.## #.#
#.#####.## #.# #.# ##.#
##.## #.# ...#####
######...##### #.#
.........#............# #.#
##########.####...###.# #.#
# #.# ##.## #.# #.#


You could see 3 gnolls.

Vanquished Creatures
  Natasha (D:2)
  A dart slug (D:1)
  3 ball pythons
  2 bats
  4 endoplasms
  3 giant cockroaches
  4 goblins
  2 hobgoblins
  3 jackals (D:2)
  2 quokkas (D:2)
  4 kobolds
  3 rats
32 creatures vanquished.

Notes
Turn   | Place    | Note
-------+----------+-------------------------------------------
     0 | D:1      | bande the Gargoyle Fighter began the quest for the Orb.
     0 | D:1      | Reached XP level 1. HP: 14/14 MP: 1/1
   224 | D:1      | Reached XP level 2. HP: 19/19 MP: 2/2
   242 | D:1      | Found a faded altar of an unknown god.
   922 | D:2      | Reached XP level 3. HP: 23/23 MP: 3/3
  1227 | D:2      | Noticed Natasha
  1236 | D:2      | Killed Natasha
  1237 | D:2      | Reached skill level 4 in Armour
  1237 | D:2      | Reached XP level 4. HP: 19/29 MP: 4/4
  1542 | D:2      | Mangled by a gnoll

Illustrated notes

Levels and vault maps discovered:
D:1:      dpeg_arrival_simpleton_c, layout_basic,
          hellmonk_ecumenical_altar_crossroads, chequers_serial_rivers_micro_c
D:2:      layout_loops_ring, serial_glass, glass_columns_b, glass_columns_c,
          minivault_19, uniq_natasha

Skill      XL: |  1  2  3 |
---------------+----------+-----
Axes           | 2 |  2.6
Armour         | 4 |  4.0
Fighting       | |  3.6
Shields        | |  3.8

Action                   |  1- 3 |  4- 6 || total
-------------------------+-------+-------++-------
Melee: War axe           |    80 |    17 ||    97
Armor: Scale mail        |    47 |     7 ||    54
Dodge: Dodged            |    47 |     5 ||    52
Block: Buckler           |    15 |     7 ||    22

Table legend: (Time is in decaauts)
 A = Elapsed time spent in this place.
 B = Non-inter-level travel time spent in this place.
 C = Inter-level travel time spent in this place.
 D = Time resting spent in this place.
 E = Time spent auto-exploring this place.
 F = Levels seen in this place.
 G = Mean time per level.
                   A        B        C        D        E       F      G
               +--------+--------+--------+--------+--------+-----+--------+
         Total |   1583 |   1515 |     68 |    140 |   1117 |   2 |  791.5 |
       Dungeon |   1583 |   1515 |     68 |    140 |   1117 |   2 |  791.5 |
               +--------+--------+--------+--------+--------+-----+--------+

Top non-repeatable levels by time:
     D:1: 917 daAuts
     D:2: 666 daAuts
